 Dungeon Crawl Stone Soup version 0.24.0-37-gcf1ca852f1 (webtiles) character file.

Game seed: 18432291236960458592, levelgen mode: deterministic

57 Goreval the Gusty (level 4, 0/24 HPs)
             Began as a Tengu Air Elementalist on Dec 5, 2019.
             Killed from afar by a white imp (9 damage)
             ... with a puff of frost
             ... summoned by Natasha
             ... on level 3 of the Dungeon.
             The game lasted 00:04:31 (2772 turns).

Goreval the Gusty (Tengu Air Elementalist)          Turns: 2772, Time: 00:04:31

Health: 0/24       AC:  2    Str:  9    XL:     4   Next: 0%
Magic:  6/8        EV: 12    Int: 16    God:
Gold:   87         SH:  0    Dex: 14    Spells: 1/7 levels left

rFire    . . .     SeeInvis .   (no weapon)
rCold    . . .     Gourm    .   (no shield)
rNeg     . . .     Faith    .   a - +0 robe
rPois    .         Spirit   .   (helmet restricted)
rElec    .         Reflect  .   (no cloak)
rCorr    .         Harm     .   (no gloves)
MR       .....                  (boots unavailable)
Stlth    ++........             (no amulet)
HPRegen  0.08/turn              (no ring)
MPRegen  0.11/turn              (no ring)

@: no status effects
A: beak, talons 3
a: no special abilities


You were on level 3 of the Dungeon.
You were not hungry.

You visited 1 branch of the dungeon, and saw 3 of its levels.

You collected 87 gold pieces.

Inventory:

Missiles
 b - 51 stones (quivered)
Armour
 a - a +0 robe (worn)
Wands
 h - a wand of acid (5)
Scrolls
 i - a scroll of amnesia {unknown}
 j - a scroll of teleportation {unknown}
 l - a scroll of magic mapping {unknown}
 n - a scroll of remove curse {unknown}
Potions
 d - a potion of curing {unknown}
 e - a potion of berserk rage {unknown}
 g - a potion of heal wounds {unknown}
 k - a potion of invisibility {unknown}
 m - a potion of flight {unknown}
Comestibles
 c - 4 rations
 f - 2 chunks of flesh


   Skills:
 - Level 2.1 Dodging
 - Level 2.0 Stealth
 + Level 2.4 Spellcasting
 * Level 3.2 Conjurations
 * Level 5.0 Air Magic


You had one spell level left.
You knew the following spells:

 Your Spells              Type           Power        Failure   Level  Hunger
a - Shock                 Conj/Air       ###.         3%          1    #......
b - Static Discharge      Conj/Air       ###.....     11%         3    ###....
k - Swiftness             Chrm/Air       ##......     11%         2    ###....

Your spell library contained the following spells:

 Spells                   Type           Power        Failure   Level  Hunger
 Airstrike                Air            ###.......   26%         4    #####..
 Lightning Bolt           Conj/Air       ###.......   69%         5    ######.


Dungeon Overview and Level Annotations

Branches:
Dungeon (3/15)

Altars:
Elyvilon
Makhleb

Annotations:
D:3 Natasha


Innate Abilities, Weirdness & Mutations

You have a beak for a mouth.
You have claws for feet.


Message History

You kill the leopard gecko!
You have reached level 4!
You feel stronger.
Some of the chunks of flesh in your inventory have rotted away.
Okay, then.
Found a ring mail.
You now have 87 gold pieces (gained 1).
Okay, then.
Natasha hisses angrily.
Natasha casts a spell.
The white imp gestures at you. The puff of frost hits you!
The white imp gestures at you. The puff of frost hits you!
There is a stone staircase leading down here.
Aim: Natasha The zap hits Natasha.
Natasha claws you. The white imp gestures at you. The puff of frost hits you!
You die...

##..............##
#................#
#................#
#..........<.....#
#[...............#
#...............)...
#.......5...........
##........h.....#......
...
##.....##@..$.###......
.. ############## ..
...##. ...... .... #..
#. #. ...... ......


You could see Natasha and a white imp.

Vanquished Creatures
  An adder (D:2)
  An ooze (D:2)
  A worm (D:2)
  2 dart slugs (D:1)
  2 leopard geckos
  2 bats
  2 giant cockroaches
  5 hobgoblins
  A quokka (D:2)
  2 ball pythons
  7 frilled lizards
  3 goblins (D:2)
  2 kobolds (D:2)
  5 rats
36 creatures vanquished.

Notes
Turn   | Place    | Note
-------+----------+-------------------------------------------
     0 | D:1      | Goreval the Tengu Air Elementalist began the quest for the
                  | Orb.
     0 | D:1      | Reached XP level 1. HP: 10/10 MP: 4/4
   464 | D:1      | Reached XP level 2. HP: 15/15 MP: 1/6
   470 | D:1      | Learned a level 2 spell: Swiftness
  1492 | D:2      | Reached XP level 3. HP: 10/19 MP: 1/7
  1773 | D:2      | Learned a level 3 spell: Static Discharge
  2093 | D:3      | Noticed Natasha
  2230 | D:2      | Found a burning altar of Makhleb.
  2424 | D:2      | Found a white marble altar of Elyvilon.
  2549 | D:2      | Reached skill level 5 in Air Magic
  2756 | D:3      | Reached XP level 4. HP: 24/24 MP: 6/8
  2772 | D:3      | Killed from afar by a white imp

Levels and vault maps discovered:
D:1:      scummos_arrival_hexagon, layout_basic
D:2:      layout_basic, lemuel_coloured_pillars_altar, bloody_makhleb,
          minmay_pentomino_u4
D:3:      layout_rooms, kiku_gazebo_garden_becter, uniq_natasha

Skill      XL: |  1  2  3 |
---------------+----------+-----
Conjurations   | 2 3 |  3.2
Air Magic      | 5 |  5.0
Dodging        | |  2.1
Stealth        | |  2.0
Spellcasting   | |  2.4

Action                   |  1- 3 |  4- 6 || total
-------------------------+-------+-------++-------
 Cast: Shock             |    80 |     2 ||    82
  Eat: Chunk             |     7 |       ||     7
Armor: Robe              |     2 |       ||     2
Dodge: Dodged            |    10 |       ||    10
